 Dungeon Crawl Stone Soup version 0.28.0 (webtiles) character file.

Game seed: 11668379081517228274

14 sanka the Magician (level 2, 16/16 HPs)
             Began as a Deep Elf Transmuter on Feb 8, 2022.
             Was a Follower of Elyvilon.
             Quit the game on level 1 of the Dungeon.
             The game lasted 00:00:47 (691 turns).

sanka the Magician (Deep Elf Transmuter)             Turns: 691, Time: 00:00:48

Health: 16/16      AC:  2    Str:  7    XL:     2   Next: 27%
Magic:  9/9        EV: 12    Int: 17    God:    Elyvilon [*.....]
Gold:   67         SH:  0    Dex: 15    Spells: 8/9 levels left

rFire   . . .      SeeInvis .     - Unarmed
rCold   . . .      Faith    .   (no shield)
rNeg    . . .      Spirit   .   a - +0 robe
rPois   .          Reflect  .   (no helmet)
rElec   .          Harm     .   (no cloak)
rCorr   .          Rampage  .   (no gloves)
Will    .....                   (no boots)
Stlth   +.........              (no amulet)
HPRegen 0.05/turn               (no ring)
MPRegen 0.11/turn               (no ring)

@: no status effects
A: no striking features
a: Renounce Religion, Purification


You were on level 1 of the Dungeon.
You worshipped Elyvilon.
Elyvilon was aware of your devotion.
You visited 1 branch of the dungeon, and saw 1 of its levels.

You collected 67 gold pieces.

Inventory:

Armour
 a - a +0 robe (worn)
Scrolls
 b - a scroll of enchant weapon {unknown}
 c - a scroll of amnesia {unknown}
 d - 3 scrolls of identify {unknown}


   Skills:
 - Level 0.7 Fighting
 - Level 2.4 Dodging
 - Level 2.4 Unarmed Combat
 + Level 4.2 Spellcasting
 - Level 2.1 Transmutations


You had 8 spell levels left.
You knew the following spells:

 Your Spells              Type           Power      Damage    Failure   Level
a - Beastly Appendage     Tmut           22%        N/A       6%          1

Your spell library contained the following spells:

 Spells                   Type           Power      Damage    Failure   Level
 Wereblood                Tmut           11%        N/A       10%         2
 Spider Form              Tmut/Pois      7%         N/A       30%         3
 Ice Form                 Ice/Tmut       7%         N/A       69%         4


Dungeon Overview and Level Annotations

Branches:
Dungeon (1/15)

Altars:
Elyvilon


Message History

Nothing appears to happen.
Your magical contamination has completely faded away.
You start resting.
Magic restored.
You grow a pair of large bovine horns.
Your feet morph into talons.
No target in view!
The kobold hits you but does no damage.
You hit the kobold. You claw the kobold.
You kill the kobold!
Things that are here:
a +0 short sword; a stone; a kobold corpse Your transformation is almost over.
A hobgoblin comes into view.
The hobgoblin shouts!
You extend your transformation's duration.
You closely miss the hobgoblin. You barely miss the hobgoblin.
You claw the hobgoblin.
The hobgoblin is almost dead.
The hobgoblin misses you.
You hit the hobgoblin.
You kill the hobgoblin!
You start resting.
Magic restored.
Found a stone staircase leading down.
Found a robe.
Your transformation is almost over.
There is a stone staircase leading down here.
Your horns disappear.
Your talons disappear.
You open the door.
Found a faded altar of an unknown god.
There is an open door here.
d - 3 scrolls labelled RASACW ACANO
There is a faded altar of an unknown god here.
You cannot tell which god this altar belongs to.
Convert to them anyway?
Elyvilon accepts your prayer! Elyvilon welcomes you!
You can now purify yourself.
Unknown command.
Press < or > to pray at altars.
Are you sure you want to abandon this character and quit the game? (Confirm with "yes".)

#.#
##..#...............
#.#
##.....#.##..#.....
#.##
#...###.##.>######
#..# ##### #.###.#
##.# #.# #.#
#.###### #####.#
#.#....## P.PP#.#
#.#.....###.PPPP#.#
#.'P.....@PPP.PP+.#
###.....###.PP.P###
#P...## PP..# ######
####


There were no monsters in sight!

Vanquished Creatures
  2 dart slugs (D:1)
  An endoplasm (D:1)
  2 hobgoblins (D:1)
  A ball python (D:1)
  A bat (D:1)
  2 kobolds (D:1)
  2 rats (D:1)
11 creatures vanquished.

Notes
Turn   | Place    | Note
-------+----------+-------------------------------------------
     0 | D:1      | sanka the Deep Elf Transmuter began the quest for the Orb.
     0 | D:1      | Reached XP level 1. HP: 11/11 MP: 6/6
   382 | D:1      | Reached skill level 4 in Spellcasting
   382 | D:1      | Reached XP level 2. HP: 13/16 MP: 7/9
   681 | D:1      | Found a faded altar of an unknown god.
   690 | D:1      | Prayed at the altar of an unknown god.
   690 | D:1      | Became a worshipper of Elyvilon the Healer
   690 | D:1      | Reached * piety under Elyvilon
   691 | D:1      | Quit the game

Illustrated notes

Levels and vault maps discovered:
D:1:      dpeg_arrival_round_a, layout_basic,
          shapermc_ecumenical_altar_flowoftime, hex_tiny, minmay_ruptured

Skill      XL: |  1 |
---------------+----+-----
Spellcasting   | 4 |  4.2
Fighting       | |  0.7
Dodging        | |  2.4
Unarmed Combat | |  2.4
Transmutations | |  2.1

Action                   || total
-------------------------++-------
Melee: Unarmed           ||    27
       Kick              ||     6
       Headbutt          ||     2
       Punch             ||     1
 Cast: Beastly Appendage ||     7
Armor: Robe              ||     7
Dodge: Dodged            ||    22
